 Dungeon Crawl Stone Soup version 0.22-a0-456-g11ed031 (webtiles) character file.

5575 pk666 the Thaumaturge (level 10, -3/50 HPs)
             Began as a Deep Elf Fire Elementalist on June 7, 2018.
             Was a Priest of Vehumet.
             Hit by a javelin thrown by Urug (28 damage)
             ... on level 10 of the Dungeon.
             The game lasted 00:41:13 (12408 turns).

pk666 the Thaumaturge (Deep Elf Fire Elementalist) Turns: 12408, Time: 00:41:13

Health: -3/50      AC:  7    Str: 10    XL:     10   Next: 44%
Magic:  27/27      EV: 15    Int: 28    God:    Vehumet [***...]
Gold:   699        SH:  0    Dex: 15    Spells: 18/31 levels left

rFire    . . .     SeeInvis +   (no weapon)
rCold    . . .     Gourm    .   (no shield)
rNeg     . . .     Faith    +   a - +0 robe
rPois    .         Spirit   .   D - +2 hat
rElec    .         Reflect  .   k - +0 cloak
rCorr    .         Harm     .   F - +0 pair of gloves
MR       +....                  w - +0 pair of boots
Stlth    ++........             d - amulet of faith
HPRegen  0.16/turn              u - ring of wizardry
MPRegen  0.20/turn              y - ring of Zominom {Str+5 Int+4 SInv}

@: no status effects
A: no striking features
a: Renounce Religion


You were on level 10 of the Dungeon.
You worshipped Vehumet.
Vehumet was most pleased with you.
You were not hungry.

You visited 2 branches of the dungeon, and saw 11 of its levels.
You also visited: Ossuary.

You collected 699 gold pieces.

Inventory:

Armour
 a - a +0 robe (worn)
 k - a +0 cloak (worn)
 w - a +0 pair of boots (worn)
 D - a +2 hat (worn)
 F - a +0 pair of gloves (worn)
Jewellery
 d - an amulet of faith (around neck)
 u - a ring of wizardry (left hand)
 y - the ring of Zominom (right hand) {Str+5 Int+4 SInv}
   (You found it on level 5 of the Dungeon)

   [ring of intelligence]

   It affects your strength (+5).
   It affects your intelligence (+4).
   It lets you see invisible.
 G - an uncursed amulet of the gourmand
Wands
 f - a wand of disintegration (17)
 l - a wand of digging (6)
 x - a wand of flame (78)
 C - a wand of polymorph (20)
 E - a wand of random effects (24)
 H - a wand of scattershot (2)
 L - a wand of acid (10)
Scrolls
 b - a scroll of identify
 e - 2 scrolls of fog
 g - 7 scrolls of teleportation
 j - 3 scrolls of magic mapping
 p - 3 scrolls of immolation
 q - 3 scrolls of amnesia
 v - a scroll of enchant weapon
 I - a scroll of summoning
 J - a scroll of remove curse
 O - a scroll of silence
Potions
 h - 2 potions of agility
 i - 2 potions of invisibility
 m - 5 potions of brilliance
 n - a potion of ambrosia
 o - 2 potions of haste
 r - 5 potions of curing
 s - a potion of resistance {unknown}
 t - 3 potions of heal wounds
 z - a potion of flight {unknown}
 A - a potion of degeneration {unknown}
 B - a potion of mutation {unknown}
 K - 2 potions of magic
Miscellaneous
 M - a phial of floods
Comestibles
 c - 16 rations
 N - 6 chunks of flesh


   Skills:
 + Level 5.3 Dodging
 - Level 2.4 Stealth
 + Level 11.4 Spellcasting
 + Level 9.9 Conjurations
 + Level 10.0 Fire Magic


You had 18 spell levels left.
You knew the following spells:

 Your Spells              Type           Power        Failure   Level  Hunger
a - Flame Tongue          Conj/Fire      #####        1%          1    None
b - Sticky Flame          Conj/Fire      ######..     1%          4    None
c - Conjure Flame         Conj/Fire      ######..     1%          3    None
z - Fireball              Conj/Fire      ######....   1%          5    ###....

Your spell library contained the following spells:

 Spells                   Type           Power        Failure   Level  Hunger
 Throw Flame              Conj/Fire      ######       1%          2    None
 Regeneration             Chrm/Necr      ###.......   4%          3    None
 Shroud of Golubria       Chrm/Tloc      ###.......   2%          2    None
 Inner Flame              Hex/Fire       #####...     1%          3    None
 Infusion                 Chrm           ###.         1%          1    None
 Song of Slaying          Chrm           ###.....     2%          2    None
 Spectral Weapon          Hex/Chrm       ###.....     4%          3    None


Dungeon Overview and Level Annotations

Branches:
Dungeon (10/15)            Temple (1/1) D:6
   Lair: D:8-11         Orc: D:9-12

Altars:
Ashenzari
Cheibriados
Dithmenos
Elyvilon
Fedhas
Gozag
Hepliaklqana
Kikubaaqudgha
Makhleb
Nemelex Xobeh
Okawaru
Qazlal
Ru
Sif Muna
Trog
Uskayaw
Vehumet
Wu Jian
Xom
Yredelemnul
Zin
The Shining One

Shops:
D:5 %   D:6 }   D:9 !

Annotations:
D:9 2 transporters
D:10 Urug


Message History

Press: ? - help, Shift-Dir - straight line, f/p - worker ant
Aim: a worker ant (almost dead)
The flame tongue hits the worker ant.
You kill the worker ant!
Vehumet accepts your kill.
You feel your power returning.
Urug the Orcish Ballista comes into view.
She is wielding a long sword of electrocution.
You see here a scorpion corpse.
Urug throws a javelin.
The javelin hits you!
You see here a javelin.
Casting: Flame Tongue (safe; 1% risk of failure)
Confirm with . or Enter, or press ? or * to list all spells.
You can't see any susceptible monsters within range! (Use Z to cast anyway.) Urug throws a javelin.
The javelin hits you!
You see here a javelin.
Some of the chunks of flesh in your inventory have rotted away.
There is a stone staircase leading up here.
Urug throws a javelin.
The javelin hits you!!
Ouch! That really hurt!
You die...

... ##..............
..... ##...............
.....###................
........................
........................
........................
#................†......
#..........o.((......
###.@##...........?..
#..######.......... ##.#
#######.### #.# #.# ###
#.# ##


You could see Urug.

Vanquished Creatures
  A two-headed ogre (D:8)
  The ghost of Nico3ck the Basher, a novice GrBe of Trog (D:5)
  Sigmund (D:6)
  Eustachio (D:5)
  2 wyverns (D:8)
  Edmund (D:5)
  Menkaure (D:7)
  Duvessa (D:5)
  4 orc warriors
  2 ice beasts
  4 ogres
  A black bear (D:9)
  A necrophage (D:8)
  3 centaurs
  4 bullfrogs
  Dowan (D:5)
  3 scorpions
  9 killer bees
  5 howler monkeys
  2 bullfrog zombies (D:8)
  A human zombie (Ossuary)
  2 hounds
  6 orc priests
  4 orc wizards
  3 bullfrog skeletons
  A centaur skeleton (D:4)
  Ijyb (D:4)
  9 worker ants
  5 big kobold zombies (Ossuary)
  A hound zombie (D:7)
  3 mummies
  A hound skeleton (D:6)
  2 worker ant zombies
  6 gnolls (D:7)
  13 adders
  A shadow imp (D:8)
  An ooze (D:4)
  2 adder zombies
  An adder skeleton (D:6)
  4 worms
  6 dart slugs
  5 leopard geckos
  35 orcs
  3 ball pythons
  5 giant cockroaches
  6 goblins
  5 hobgoblins
  7 jackals
  5 kobolds
  5 quokkas
  11 bats
  3 frilled lizards
  3 goblin zombies (Ossuary)
  6 hobgoblin zombies
  2 leopard gecko skeletons
  A leopard gecko zombie (D:5)
  An orc zombie (Ossuary)
  6 rats
230 creatures vanquished.

Notes
Turn   | Place    | Note
-------+----------+-------------------------------------------
     0 | D:1      | pk666 the Deep Elf Fire Elementalist began the quest for the Orb.
     0 | D:1      | Reached XP level 1. HP: 10/10 MP: 6/6
   430 | D:1      | Reached XP level 2. HP: 15/15 MP: 6/8
   947 | D:1      | Reached XP level 3. HP: 19/19 MP: 7/10
  1534 | D:2      | Reached XP level 4. HP: 16/24 MP: 3/11
  1699 | D:2      | Reached skill level 4 in Spellcasting
  2280 | D:3      | Reached XP level 5. HP: 28/28 MP: 8/13
  2794 | D:3      | Learned a level 4 spell: Sticky Flame
  2798 | D:3      | Learned a level 3 spell: Conjure Flame
  2804 | D:3      | Learned a level 5 spell: Fireball
  3104 | D:4      | Reached skill level 5 in Spellcasting
  3104 | D:4      | Reached XP level 6. HP: 32/32 MP: 12/15
  3227 | D:4      | Found a white marble altar of Elyvilon.
  3245 | D:4      | Reached skill level 5 in Conjurations
  3245 | D:4      | Reached skill level 5 in Fire Magic
  3449 | D:4      | Noticed Ijyb
  3463 | D:4      | Killed Ijyb
  4133 | D:5      | Entered Level 5 of the Dungeon
  4155 | D:5      | Noticed Edmund
  4172 | D:5      | Killed Edmund
  4172 | D:5      | Reached skill level 6 in Spellcasting
  4172 | D:5      | Reached XP level 7. HP: 36/36 MP: 0/18
  4351 | D:5      | Found a sand-covered staircase.
  4380 | Ossuary  | Entered an ossuary
  4889 | D:5      | Found Ishri's Food Boutique.
  5159 | D:5      | Reached skill level 7 in Spellcasting
  5207 | D:5      | Found a shattered altar of Ashenzari.
  5207 | D:5      | Found a glowing golden altar of the Shining One.
  5222 | D:5      | Noticed Nico3ck's ghost (novice GrBe)
  5250 | D:5      | Killed Nico3ck's ghost
  5250 | D:5      | Reached XP level 8. HP: 41/41 MP: 2/21
  5379 | D:5      | Got a bound granite ring
  5381 | D:5      | Noticed Dowan
  5386 | D:5      | Killed Dowan
  5386 | D:5      | Noticed Duvessa
  5432 | D:5      | Reached skill level 8 in Spellcasting
  5476 | D:5      | Killed Duvessa
  5713 | D:5      | Found a sacrificial altar of Ru.
  5714 | D:5      | Found a hazy altar of Hepliaklqana.
  5714 | D:5      | Found an iron altar of Okawaru.
  5715 | D:5      | Found a shimmering altar of Xom.
  5799 | D:5      | Noticed Eustachio
  5837 | D:5      | Killed Eustachio
  6017 | D:6      | Noticed Sigmund
  6037 | D:6      | Killed Sigmund
  6516 | D:6      | Found a staircase to the Ecumenical Temple.
  6525 | Temple   | Entered the Ecumenical Temple
  6601 | Temple   | Became a worshipper of Vehumet
  6689 | Temple   | Identified the ring of Zominom {Str+5 Int+4 SInv} (You found it on level 5 of the Dungeon)
  6866 | D:6      | Found Masag's Gadget Shoppe.
  6874 | D:6      | Reached skill level 9 in Spellcasting
  7228 | D:7      | Reached XP level 9. HP: 45/45 MP: 19/24
  7490 | D:7      | Reached * piety under Vehumet
  7490 | D:7      | Offered knowledge of Shock by Vehumet.
  7502 | D:7      | Noticed Menkaure
  7531 | D:7      | Killed Menkaure
  7924 | D:7      | Reached skill level 10 in Spellcasting
  8205 | D:7      | Found a shimmering altar of Xom.
  8205 | D:7      | Found a shimmering altar of Xom.
  8205 | D:7      | Found a shimmering altar of Xom.
  8471 | D:7      | Found a shimmering altar of Xom.
  8474 | D:7      | Found a shimmering altar of Xom.
  8475 | D:7      | Found a shimmering altar of Xom.
  8506 | D:7      | Reached ** piety under Vehumet
  8644 | D:7      | Noticed a meliai
  8693 | D:8      | Noticed a two-headed ogre
  8698 | D:8      | Killed a two-headed ogre
  8698 | D:8      | Offered knowledge of Magic Dart by Vehumet.
  8936 | D:8      | Reached XP level 10. HP: 50/50 MP: 9/26
  9178 | D:8      | Offered knowledge of Searing Ray by Vehumet.
  9180 | D:8      | Noticed a death knight
  9761 | D:8      | Reached skill level 11 in Spellcasting
 11281 | D:9      | Reached *** piety under Vehumet
 11420 | D:9      | Found a transporter.
 11442 | D:9      | Found a transporter.
 11568 | D:9      | Reached skill level 5 in Dodging
 12054 | D:9      | Found Voliy's Distillery.
 12193 | D:9      | Reached skill level 10 in Fire Magic
 12378 | D:10     | Entered Level 10 of the Dungeon
 12394 | D:10     | Noticed Urug
 12408 | D:10     | Hit by a javelin thrown by Urug

Vault maps used:
D:1:      nzn_arrival_settlement
D:3:      first_ration, minmay_misc_feat_square
D:4:      elyvilon_altar_3, uniq_ijyb
D:5:      chequers_temple_overflow_statue_of_worship,
          gammafunk_temple_overflow_elements, nicolae_ossuary_entry_giza,
          serial_shops, shop, uniq_duvessa, uniq_edmund, uniq_eustachio
D:6:      temple_statues, serial_shops,
          nicolae_shop_competitors_out_of_business, uniq_sigmund
D:7:      xom_shifter_show, uniq_menkaure
D:8:      wad_guarded_room
D:9:      gammafunk_steamed_eel, serial_shops, shop
D:10:     zombieorc1_lemuel, uniq_urug
Temple:   eino_temple_scatter_basement
Ossuary:  minmay_ossuary_gauntlet

Skill      XL: |  1  2  3  4  5  6  7  8  9 10 |
---------------+-------------------------------+-----
Conjurations   | 2 3 4 5 6 7 9 |  9.9
Spellcasting   | 4 5 6 7 9 10 11 | 11.4
Fire Magic     | 4 5 6 7 9 10 | 10.0
Dodging        | 3 5 |  5.3
Stealth        | |  2.4

Action                   |  1- 3 |  4- 6 |  7- 9 | 10-12 || total
-------------------------+-------+-------+-------+-------++-------
Melee: Unarmed           |       |       |     1 |       ||     1
 Cast: Flame Tongue      |    66 |    97 |   163 |    81 ||   407
       Sticky Flame      |       |     4 |     8 |     5 ||    17
       Conjure Flame     |       |     2 |    15 |     9 ||    26
       Fireball          |       |       |    24 |    17 ||    41
Evoke: Wand              |       |       |       |     1 ||     1
  Use: Scroll            |       |     8 |     6 |     8 ||    22
  Eat: Chunk             |     2 |     8 |    15 |     8 ||    33
       Ration            |       |       |     1 |     1 ||     2
Armor: Robe              |     3 |     2 |    14 |    10 ||    29
Dodge: Dodged            |    21 |    10 |    34 |    29 ||    94

Table legend:
 A = Spawn XP
 B = Non-spawn XP
 C = Spawn XP percentage of total XP
 D = Spawn monster count
 E = Non-spawn monster count
 F = Spawn count percentage of total count
 G = Total turns spent on level
                    A         B        C        D         E        F      G
               +---------+---------+-------+---------+---------+-------+---------
         Total |       0 |    7965 |   0.0 |       0 |     230 |   0.0 | 12408
               +---------+---------+-------+---------+---------+-------+---------
           D:1 |       0 |      47 |   0.0 |       0 |      24 |   0.0 |  1052
           D:2 |       0 |     101 |   0.0 |       0 |      22 |   0.0 |   994
           D:3 |       0 |     111 |   0.0 |       0 |      18 |   0.0 |   716
           D:4 |       0 |     387 |   0.0 |       0 |      15 |   0.0 |  1377
           D:5 |       0 |    1376 |   0.0 |       0 |      23 |   0.0 |  1379
           D:6 |       0 |     554 |   0.0 |       0 |      17 |   0.0 |  1027
           D:7 |       0 |    1661 |   0.0 |       0 |      37 |   0.0 |  1726
           D:8 |       0 |    2303 |   0.0 |       0 |      34 |   0.0 |  2145
           D:9 |       0 |    1106 |   0.0 |       0 |      22 |   0.0 |  1310
          D:10 |       0 |     104 |   0.0 |       0 |       2 |   0.0 |    30
       Ossuary |       0 |     215 |   0.0 |       0 |      16 |   0.0 |   486
               +---------+---------+-------+---------+---------+-------+---------
